 Dungeon Crawl Stone Soup version 0.22-a0-322-g60b3cfd (webtiles) character file.

65 4thArraOfDagon the Conjurer (level 4, 0/38 HPs)
             Began as a Hill Orc Conjurer on Apr 4, 2018.
             Slain by Duvessa
             ... wielding a +0 short sword
              (12 damage)
             ... on level 4 of the Dungeon.
             The game lasted 00:02:35 (677 turns).

4thArraOfDagon the Conjurer (Hill Orc Conjurer)      Turns: 677, Time: 00:02:35

Health: 0/38       AC:  5    Str: 10    XL:     4   Next: 13%
Magic:  6/6        EV: 10    Int: 16    God:
Gold:   84         SH:  0    Dex: 11    Spells: 5/6 levels left

rFire    . . .     SeeInvis .   k - +0 hand axe
rCold    . . .     Gourm    .   (no shield)
rNeg     . . .     Faith    +   h - +0 ring mail
rPois    .         Spirit   .   (no helmet)
rElec    .         Reflect  .   (no cloak)
rCorr    .         Harm     .   (no gloves)
MR       .....                  (no boots)
Stlth    +.........             j - amulet of faith
HPRegen  0.12/turn              (no ring)
MPRegen  0.10/turn              (no ring)

@: no status effects
A: no striking features
a: no special abilities


You were on level 4 of the Dungeon.
You were not hungry.

You visited 1 branch of the dungeon, and saw 4 of its levels.

You collected 84 gold pieces.

Inventory:

Hand Weapons
 b - a +1 club
 k - a +0 hand axe (weapon)
Armour
 a - a +0 robe
 f - a +0 chain mail
 h - a +0 ring mail (worn)
Jewellery
 j - an amulet of faith (around neck)
Wands
 e - a wand of acid (7)
Scrolls
 d - 5 scrolls of identify {unknown}
 l - a scroll of amnesia {unknown}
Potions
 g - a potion of agility {unknown}
 i - a potion of cancellation {unknown}
Comestibles
 c - 2 rations


   Skills:
 + Level 3.4 Fighting
 * Level 2.6 Axes
 - Level 1.5 Dodging
 - Level 1.5 Stealth
 - Level 1.5 Spellcasting
 - Level 4.0 Conjurations


You had 5 spell levels left.
You knew the following spells:

 Your Spells              Type           Power        Failure   Level  Hunger
a - Magic Dart            Conj           ##..         11%         1    ##.....


Dungeon Overview and Level Annotations

Branches:
Dungeon (4/15)
 Temple: D:4-7

Altars:

Annotations:
D:4 Duvessa, Sigmund


Message History

Your Fighting skill increases to level 3!
Your Axes skill gained 2 levels and is now at level 2!
You have reached level 3!
Your experience leads to an increase in your attributes!
Increase (S)trength, (I)ntelligence, or (D)exterity?
You feel clever.
You have reached level 4!
Duvessa hits you with a short sword!
Unknown command.
Unknown command.
Evoke which item? (* to show all) (? for menu, Esc to quit)
Aiming: Corrosive Bolt
Press: ? - help, Shift-Dir - straight line, f/p - Duvessa
Aim: Duvessa, wielding a short sword and wearing a chain mail (lightly wounded, berserk, fast, unusually strong, covered in acid)
The bolt of acid hits Duvessa.
Duvessa is splashed with acid.
The acid corrodes Duvessa!
Duvessa is moderately wounded.
The bolt of acid hits something.
The acid corrodes something!
Duvessa hits you with a short sword!
You die...

#######
#...@.##
#...e..#
#......#
#...).##
##...{..#
#.......#######
#......##.....#
#........e....#
##.....##.....#


You could see Duvessa (berserk).

Vanquished Creatures
  Dowan (D:4)
  A dart slug (D:1)
  3 orcs (D:3)
  4 goblins
  A hobgoblin (D:1)
  A quokka (D:2)
  A bat (D:3)
  2 frilled lizards (D:3)
  2 kobolds
  A leopard gecko skeleton (D:3)
  A rat (D:1)
18 creatures vanquished.

Notes
Turn   | Place    | Note
-------+----------+-------------------------------------------
     0 | D:1      | 4thArraOfDagon the Hill Orc Conjurer began the quest for the Orb.
     0 | D:1      | Reached XP level 1. HP: 14/14 MP: 3/3
   100 | D:1      | Reached skill level 1 in Fighting
   127 | D:1      | Reached XP level 2. HP: 20/24 MP: 1/4
   660 | D:4      | Noticed Duvessa
   660 | D:4      | Noticed Dowan
   666 | D:4      | Noticed Sigmund
   676 | D:4      | Killed Dowan
   676 | D:4      | Reached XP level 3. HP: 18/31 MP: 5/5
   676 | D:4      | Reached XP level 4. HP: 22/38 MP: 6/6
   677 | D:4      | Slain by Duvessa

Vault maps used:
D:1:      nzn_arrival_settlement
D:3:      kennysheep_generic_room_8
D:4:      first_ration, nzn_random_ring, uniq_ijyb, uniq_sigmund, uniq_natasha,
          uniq_duvessa

Skill      XL: |  1  2 |
---------------+-------+-----
Fighting       | 1 3 |  3.4
Axes           | 2 |  2.6
Dodging        | |  1.5
Stealth        | |  1.5
Spellcasting   | |  1.5
Conjurations   | |  4.0

Action                   |  1- 3 |  4- 6 || total
-------------------------+-------+-------++-------
Melee: Club              |    51 |       ||    51
       Hand axe          |     6 |       ||     6
 Cast: Magic Dart        |     7 |       ||     7
Evoke: Wand              |     2 |     2 ||     4
  Use: Scroll            |     2 |       ||     2
Armor: Chain mail        |    46 |       ||    46
       Ring mail         |     6 |       ||     6
Dodge: Dodged            |    22 |       ||    22

Table legend:
 A = Spawn XP
 B = Non-spawn XP
 C = Spawn XP percentage of total XP
 D = Spawn monster count
 E = Non-spawn monster count
 F = Spawn count percentage of total count
 G = Total turns spent on level
                    A         B        C        D         E        F      G
               +---------+---------+-------+---------+---------+-------+---------
         Total |       0 |      93 |   0.0 |       0 |      18 |   0.0 |   677
               +---------+---------+-------+---------+---------+-------+---------
           D:1 |       0 |      11 |   0.0 |       0 |       5 |   0.0 |   217
           D:2 |       0 |       3 |   0.0 |       0 |       2 |   0.0 |    62
           D:3 |       0 |      19 |   0.0 |       0 |      10 |   0.0 |   381
           D:4 |       0 |      60 |   0.0 |       0 |       1 |   0.0 |    17
               +---------+---------+-------+---------+---------+-------+---------
